 Dungeon Crawl Stone Soup version 0.22-a0-785-g6253c82ace (webtiles) character file.

569 Htamos the Skirmisher (level 7, -4/67 HPs)
             Began as a Troll Wizard on July 20, 2018.
             Was an Initiate of Sif Muna.
             Slain by Crazy Yiuf
             ... wielding a +2 quarterstaff of chaos
              (6 damage)
             ... while paralysed by Crazy Yiuf
             ... on level 3 of the Dungeon.
             The game lasted 00:06:33 (4011 turns).

Htamos the Skirmisher (Troll Wizard)                Turns: 4011, Time: 00:06:34

Health: -4/67      AC:  5    Str: 16    XL:     7   Next: 11%
Magic:  7/11       EV:  1    Int: 15    God:    Sif Muna [......]
Gold:   67         SH:  0    Dex:  9    Spells: 11/12 levels left

rFire    + . .     SeeInvis .   (no weapon)
rCold    x . .     Gourm    +   (no shield)
rNeg     . . .     Faith    .   a - +0 robe
rPois    +         Spirit   .   b - +0 hat
rElec    .         Reflect  .   (no cloak)
rCorr    .         Harm     .   (gloves unavailable)
MR       .....                  (boots unavailable)
Stlth    +.........             (no amulet)
HPRegen  0.61/turn              f - ring of fire
MPRegen  0.12/turn              o - ring of poison resistance

@: paralysed, drained
A: large, unfitting armour, claws 3, fast metabolism 3, gourmand, regeneration
1, shaggy fur 1, tough skin 2
a: Renounce Religion


You were on level 3 of the Dungeon.
You worshipped Sif Muna.
Sif Muna was noncommittal.
You were very full.

You visited 1 branch of the dungeon, and saw 3 of its levels.

You collected 67 gold pieces.

Inventory:

Armour
 a - a +0 robe (worn)
 b - a +0 hat (worn)
Jewellery
 f - a ring of fire (left claw)
 j - an uncursed amulet of the gourmand
 l - a cursed ring of teleportation
 o - a ring of poison resistance (right claw)
Wands
 k - a wand of random effects (23)
Scrolls
 c - a scroll of identify
Potions
 e - 2 potions of curing {unknown}
 g - a potion of mutation {unknown}
 n - a potion of brilliance {unknown}
Comestibles
 d - 6 rations


   Skills:
 + Level 3.3(3.1) Fighting
 - Level 1.5(1.2) Dodging
 - Level 1.0(0.7) Stealth
 + Level 3.3(3.1) Spellcasting
 + Level 3.2(2.9) Conjurations
   Level 0.6(0.3) Summonings
   Level 0.6(0.3) Translocations


You had 11 spell levels left.
You knew the following spells:

 Your Spells              Type           Power        Failure   Level  Hunger
a - Magic Dart            Conj           ##..         6%          1    #......

Your spell library contained the following spells:

 Spells                   Type           Power        Failure   Level  Hunger
 Conjure Flame            Conj/Fire      ##......     32%         3    ###....
 Slow                     Hex            #.......     30%         2    ##.....
 Mephitic Cloud           Conj/Pois/Air  #.......     36%         3    ###....
 Blink                    Tloc           N/A          26%         2    ##.....
 Call Imp                 Summ           #.......     26%         2    ##.....


Dungeon Overview and Level Annotations

Branches:
Dungeon (3/15)

Altars:
Ashenzari
Gozag
Ru
Sif Muna
Wu Jian
Xom

Annotations:
D:3 Crazy Yiuf


Innate Abilities, Weirdness & Mutations

You are too large for most types of armour.
You have claws for hands.
Your metabolism is lightning-fast.
You like to eat raw meat.
Your natural rate of healing is unusually fast.
You are covered in fur. (AC +1)
You have very tough skin. (AC +2)


Message History

Crazy Yiuf barely misses you.
You scratch Crazy Yiuf.
Crazy Yiuf is severely wounded.
Crazy Yiuf hits you with a quarterstaff of chaos.
You suddenly lose the ability to move!
Crazy Yiuf hits you with a quarterstaff of chaos.
You feel drained.
Crazy Yiuf hits you with a quarterstaff of chaos!
* * * LOW HITPOINT WARNING * * *
Crazy Yiuf draws strength from your wounds!
Crazy Yiuf hits you with a quarterstaff of chaos.
* * * LOW HITPOINT WARNING * * *
You feel your power leaking away.
Crazy Yiuf hits you with a quarterstaff of chaos!
* * * LOW HITPOINT WARNING * * *
You are electrocuted!
* * * LOW HITPOINT WARNING * * *
Your magical contamination has completely faded away.
Crazy Yiuf hits you with a quarterstaff of chaos.
You die...

######.#......#..........##.....
###......##............#......
####...>#.#####...........)...##.
#......#### #########..).......
#.##..## #.##..#####
#.##.######### #.....# ##
..##....#P.#.###*#### #.###.# #♣.
...>.#....P.#.)##..)# #.# #.###..
.....(...PP####.@g..# #.# #...♣.♣
..##.#..#P## ###..)# ### #.#....
.##..#.#### *#### #.##♣.♣
..[....# ##.###.. .♣..####
#..#.)♣.
♣_♣....###################.##....
.♣...#...........#.##............
....##.....##.#.........###[#..##
............♣♣♣#.####......)..##


You could see Crazy Yiuf.

Vanquished Creatures
  Grinder (D:3)
  Sigmund (D:2)
  Terence (D:2)
  Jessica (D:3)
  A worker ant (D:2)
  4 adders
  An ooze (D:3)
  4 worms
  3 dart slugs
  5 orcs
  2 ball pythons
  5 giant cockroaches
  6 goblins
  13 hobgoblins
  A quokka (D:2)
  4 bats
  4 frilled lizards
  2 kobolds
  12 rats
  A fungus (D:3)
72 creatures vanquished.

Notes
Turn   | Place    | Note
-------+----------+-------------------------------------------
     0 | D:1      | Htamos the Troll Wizard began the quest for the Orb.
     0 | D:1      | Reached XP level 1. HP: 16/16 MP: 2/2
   370 | D:1      | Reached skill level 1 in Conjurations
   433 | D:1      | Reached XP level 2. HP: 26/26 MP: 4/4
   682 | D:1      | Reached skill level 1 in Fighting
  1286 | D:2      | Reached XP level 3. HP: 27/33 MP: 0/5
  1538 | D:2      | Found an ornate altar of the Wu Jian Council.
  1539 | D:2      | Found an opulent altar of Gozag.
  1545 | D:2      | Found a shattered altar of Ashenzari.
  1608 | D:2      | Found a deep blue altar of Sif Muna.
  1642 | D:2      | Noticed Sigmund
  1711 | D:2      | Found a shimmering altar of Xom.
  1721 | D:2      | Reached XP level 4. HP: 36/41 MP: 0/6
  1752 | D:2      | Killed Sigmund
  1752 | D:2      | Reached XP level 5. HP: 14/50 MP: 0/8
  2043 | D:2      | Noticed Terence
  2056 | D:2      | Killed Terence
  2056 | D:2      | Reached XP level 6. HP: 53/59 MP: 7/9
  2304 | D:2      | Became a worshipper of Sif Muna the Loreminder
  2484 | D:3      | Found a faded altar of an unknown god.
  2484 | D:3      | Noticed Jessica
  2491 | D:3      | Killed Jessica
  3165 | D:3      | Found a sacrificial altar of Ru.
  3554 | D:3      | Noticed Grinder
  3560 | D:3      | Paralysed by Grinder for 3 turns
  3575 | D:3      | Killed Grinder
  3575 | D:3      | Reached XP level 7. HP: 27/67 MP: 3/11
  3995 | D:3      | Found a runed door.
  3999 | D:3      | Noticed Crazy Yiuf
  4005 | D:3      | Paralysed by Crazy Yiuf for 7 turns
  4009 | D:3      | HP: 1/67 [Crazy Yiuf/quarterstaff of chaos (12)]
  4011 | D:3      | Slain by Crazy Yiuf

Vault maps used:
D:1:      eino_arrival_cavern_b
D:2:      nicolae_overflow_quartered_altars, xom_butterflies, uniq_terence,
          uniq_sigmund
D:3:      minmay_diamond_boxcup, serial_forest, infiniplex_forest_split,
          infiniplex_forest_lined_3_way, infiniplex_forest_lined_room_,
          infiniplex_forest_end_2, infiniplex_forest_clump_diagonal,
          infiniplex_forest_clump_double, infiniplex_forest_straight_3,
          infiniplex_forest_lined_ring, infiniplex_forest_end_1,
          chequers_ecumenical_altar_simple, nicolae_ru_path_of_blood,
          uniq_crazy_yiuf_cottage, uniq_grinder, uniq_jessica

Skill      XL: |  1  2  3  4  5  6 |
---------------+-------------------+-----
Conjurations   | 1 2 3 |  3.2
Fighting       | 1 2 3 |  3.3
Spellcasting   | 3 |  3.3
Dodging        | |  1.5
Stealth        | |  1.0
Summonings     | |  0.6
Translocations | |  0.6

Action                   |  1- 3 |  4- 6 |  7- 9 || total
-------------------------+-------+-------+-------++-------
Melee: Unarmed           |    66 |    43 |    13 ||   122
       Whip              |       |    63 |       ||    63
 Cast: Magic Dart        |    58 |    86 |    19 ||   163
  Use: Scroll            |       |       |     7 ||     7
  Eat: Chunk             |    22 |    18 |     3 ||    43
Armor: Robe              |    30 |    32 |     3 ||    65
Dodge: Dodged            |    29 |    72 |     8 ||   109

Table legend:
 A = Spawn XP
 B = Non-spawn XP
 C = Spawn XP percentage of total XP
 D = Spawn monster count
 E = Non-spawn monster count
 F = Spawn count percentage of total count
 G = Total turns spent on level
                    A         B        C        D         E        F      G
               +---------+---------+-------+---------+---------+-------+---------
         Total |       0 |     813 |   0.0 |       0 |      71 |   0.0 |  4011
               +---------+---------+-------+---------+---------+-------+---------
           D:1 |       0 |      34 |   0.0 |       0 |      18 |   0.0 |  1261
           D:2 |       0 |     376 |   0.0 |       0 |      28 |   0.0 |  1331
           D:3 |       0 |     403 |   0.0 |       0 |      25 |   0.0 |  1419
               +---------+---------+-------+---------+---------+-------+---------
